[Event "Titled Tuesday Blitz August 15 Early 2023"]
[White "Badmatsyrenov, Oleg"]
[Black "Firouzja, Alireza"]
[WhiteFideId "24115762"]
[BlackFideId "12573981"]
[WhiteElo "2748"]
[BlackElo "3092"]
[Result "0-1"]
[Round "3"]
[TimeControl "180+1"]
[Date "2023.08.15"]
[WhiteClock "0:00:03"]
[BlackClock "0:00:28"]
[Board "2"]

1. e4 c5 2. Nf3 d6 3. d4 cxd4 4. Nxd4 Nf6 5. Nc3 a6 6. f4 e5 7. Nf3 Qc7 8. a4 Nbd7 9. Bd3 Be7 10. O-O O-O 11. Kh1 Re8 12. Qe1 Nc5 13. fxe5 dxe5 14. Qg3 Bd8 15. Bg5 Be6 16. Qxe5 Ng4 17. Bxd8 Qxe5 18. Nxe5 Nxe5 19. Bc7 Nexd3 20. cxd3 Nxd3 21. Nd5 Rac8 22. Bg3 Nxb2 23. a5 h6 24. Nc7 Re7 25. Rfb1 Nd3 26. Nd5 Bxd5 27. exd5 f5 28. Rb3 Nc1 29. Rbb1 Ne2 30. d6 Rd7 31. Be5 Rc5 32. Bb2 Rb5 33. Ba3 Rxa5 34. Bb4 Rb5 35. Ba3 Nc3 36. Rxb5 Nxb5 37. Bb4 Kf7 38. Rd1 b6 39. Rd5 Ke6 40. Rd1 Nxd6 41. Re1+ Ne4 42. g4 g6 43. gxf5+ gxf5 44. h4 Rd1 45. Rxd1 Nf2+ 46. Kg2 Nxd1 47. Kf3 h5 48. Kf4 Kf6 49. Bd6 b5 50. Be5+ Kg6 51. Bc7 b4 0-1


[Site "https://www.chess.com"]

[Event "Titled Tuesday Blitz August 15 Early 2023"]
[White "Sarana, Alexey"]
[Black "Kosteniuk, Alexandra"]
[WhiteFideId "24133795"]
[BlackFideId "4128125"]
[WhiteElo "3089"]
[BlackElo "2745"]
[Result "1-0"]
[Round "3"]
[TimeControl "180+1"]
[Date "2023.08.15"]
[WhiteClock "0:00:03"]
[BlackClock "0:00:00"]
[Board "3"]

1. d4 Nf6 2. c4 e6 3. Nc3 Bb4 4. e3 b6 5. Ne2 Ne4 6. Bd2 Nxd2 7. Qxd2 Bb7 8. a3 Be7 9. d5 O-O 10. g3 d6 11. Bg2 c6 12. dxe6 fxe6 13. Nd4 Qc8 14. Bh3 Rf6 15. O-O c5 16. Nde2 Nd7 17. f4 Rh6 18. Bg2 Bxg2 19. Kxg2 Qc6+ 20. e4 Nf6 21. Qd3 Rd8 22. Rad1 a6 23. h3 b5 24. cxb5 axb5 25. Qxb5 Qxb5 26. Nxb5 Nxe4 27. Nec3 Nxc3 28. Nxc3 d5 29. Rfe1 d4 30. Ne4 e5 31. fxe5 Rb6 32. Re2 Rd5 33. Nf2 c4 34. Rc2 d3 35. Rxc4 Rxb2 36. Kf3 Rxe5 37. Rc8+ Kf7 38. Nxd3 Rb3 39. Kf4 Ra5 40. Ne5+ Rxe5 41. Kxe5 Rxa3 42. Kf4 Bf6 43. Rc4 h5 44. h4 Kg6 45. Re1 Rb3 46. Re3 Rb5 47. Kf3 Rf5+ 48. Kg2 Rb5 49. Rf3 Rb2+ 50. Kh3 Rb1 51. Re4 Rh1+ 52. Kg2 Rb1 53. Re2 Rb4 54. Rd3 Rg4 55. Kf3 Ra4 56. Re4 Ra1 57. Rf4 Ra2 58. Ke4 Ra4+ 59. Ke3 Ra5 60. Rc4 Re5+ 61. Kf3 Rf5+ 62. Ke4 Re5+ 63. Kf4 Rf5+ 64. Ke3 Re5+ 65. Kd2 Ra5 66. Rf3 Rd5+ 67. Ke3 Re5+ 68. Kf2 Ra5 69. Kg2 Rb5 70. g4 hxg4 71. Rxg4+ Kh5 72. Kh3 Ra5 73. Rgf4 Kg6 74. Kg4 Rb5 75. Rf5 Rb4+ 76. R3f4 Rb1 77. h5+ Kh6 78. Ra5 Rg1+ 79. Kh3 Rh1+ 80. Kg2 Rxh5 81. Ra8 Kg6 82. Rfa4 Rg5+ 83. Kf3 Rf5+ 84. Ke4 Re5+ 85. Kd3 Rd5+ 86. Kc2 Rc5+ 87. Kb3 Rb5+ 88. Kc4 Rg5 89. Ra2 Rg4+ 90. Kd5 Rg1 91. Kc6 Rc1+ 92. Kd7 Rd1+ 93. Ke8 Rh1 94. Rg2+ Kf5 95. Kf7 Rb1 96. Ra5+ Kf4 97. Kg6 Kf3 98. Rc2 Rg1+ 99. Kf7 Rb1 100. Rc4 Rb3 101. Kg6 Kg3 102. Kh5 Rf3 103. Rg4+ Kf2 104. Ra2+ Ke3 105. Ra3+ Kf2 106. Ra2+ Ke3 107. Rb4 Rh3+ 108. Kg6 Rg3+ 109. Kf7 Rf3 110. Ke6 Rf2 111. Rb3+ 1-0


[Site "https://www.chess.com"]

[Event "Titled Tuesday Blitz August 15 Early 2023"]
[White "Gritsenko, Nikolai"]
[Black "Bortnyk, Olexandr"]
[WhiteFideId "14112493"]
[BlackFideId "14120828"]
[WhiteElo "2742"]
[BlackElo "3082"]
[Result "0-1"]
[Round "3"]
[TimeControl "180+1"]
[Date "2023.08.15"]
[WhiteClock "0:00:16"]
[BlackClock "0:01:17"]
[Board "4"]

1. d4 Nf6 2. Bg5 g6 3. Bxf6 exf6 4. e3 c6 5. c4 Qb6 6. Qd2 d5 7. cxd5 cxd5 8. Nc3 Be6 9. Bb5+ Nc6 10. Nge2 Bd6 11. Bxc6+ bxc6 12. O-O O-O 13. Rac1 Qa6 14. Nf4 Bxf4 15. exf4 Rfe8 16. b3 Qa5 17. Ne4 Qxd2 18. Nxd2 Bf5 19. Rfe1 a5 20. a4 Rxe1+ 21. Rxe1 Rb8 22. h3 Rb4 23. g4 Be6 24. Rc1 Rxd4 25. Nf1 Bd7 0-1


[Site "https://www.chess.com"]

[Event "Titled Tuesday Blitz August 15 Early 2023"]
[White "Dubov, Daniil"]
[Black "Weetik, Vjacheslav"]
[WhiteFideId "24126055"]
[BlackFideId "4153472"]
[WhiteElo "3071"]
[BlackElo "2738"]
[Result "1-0"]
[Round "3"]
[TimeControl "180+1"]
[Date "2023.08.15"]
[WhiteClock "0:00:14"]
[BlackClock "0:00:04"]
[Board "5"]

1. d4 Nf6 2. Nf3 g6 3. c4 Bg7 4. Nc3 d6 5. Bg5 h6 6. Bh4 g5 7. Bg3 Nh5 8. e3 e6 9. Bd3 a6 10. Qc2 Nc6 11. a3 Bd7 12. O-O-O Qe7 13. d5 Nd8 14. Nd4 Nxg3 15. hxg3 c5 16. dxe6 fxe6 17. Nde2 O-O 18. f4 b5 19. fxg5 Qxg5 20. Nf4 Qxg3 21. Rh3 Qg4 22. Bh7+ Kf7 23. Ne4 Nb7 24. Bg6+ Ke7 25. Bh5 Qf5 26. g4 Bxb2+ 27. Kxb2 Qe5+ 28. Ka2 Rxf4 29. exf4 Qxf4 30. Rhh1 bxc4 31. Rhf1 Qe5 32. Rf7+ Kd8 33. Rf8+ Kc7 34. Rxa8 d5 35. Nc3 d4 36. Qe4 Qh2+ 37. Ne2 Bc6 38. Qf4+ Qxf4 39. Nxf4 c3 40. Nxe6+ Kb6 41. Nxd4 cxd4 42. Rxd4 c2 43. Kb2 Na5 44. Rad8 Kc5 45. Kxc2 1-0


[Site "https://www.chess.com"]

[Event "Titled Tuesday Blitz August 15 Early 2023"]
[White "Volkov, Maksim"]
[Black "Duda, Jan-Krzysztof"]
[WhiteFideId "54123070"]
[BlackFideId "1170546"]
[WhiteElo "2726"]
[BlackElo "3047"]
[Result "1-0"]
[Round "3"]
[TimeControl "180+1"]
[Date "2023.08.15"]
[WhiteClock "0:00:16"]
[BlackClock "0:00:00"]
[Board "6"]

1. d4 Nf6 2. c4 g6 3. g3 Bg7 4. Bg2 O-O 5. Nc3 c5 6. d5 d6 7. Nf3 e5 8. O-O Na6 9. a3 Nc7 10. Nd2 Ng4 11. e4 f5 12. Rb1 f4 13. b4 b6 14. h3 Nh6 15. Nf3 g5 16. Nh2 Ne8 17. Bd2 Bd7 18. bxc5 bxc5 19. Rb7 Qc8 20. Rb3 Bxh3 21. Qh5 Bxg2 22. Kxg2 Nf7 23. Ng4 Nf6 24. Nxf6+ Bxf6 25. Rh1 h6 26. Qg6+ Bg7 27. Nb5 Qd7 28. gxf4 gxf4 29. Kf1 a6 30. Rg1 Ng5 31. Qxd6 Rf7 32. Qxd7 Rxd7 33. Nc3 Nf3 34. Be1 Nxg1 35. Kxg1 Bf8 36. f3 Bd6 37. Na4 Rb8 38. Rxb8+ Bxb8 39. Bf2 Rb7 40. Nxc5 Rb1+ 41. Kg2 Bd6 42. Ne6 Bxa3 43. c5 a5 44. d6 Rd1 45. Bd4 Bxc5 46. Bxc5 Kf7 47. Nc7 a4 48. Nd5 Ke6 49. Nb6 Rd2+ 50. Kh3 a3 51. Bxa3 Rd3 52. d7 Rxf3+ 53. Kg4 Rd3 54. Bc5 Rd2 55. Kf3 Rd3+ 56. Ke2 Rxd7 57. Nxd7 Kxd7 58. Bf8 h5 59. Kf3 Ke6 60. Bg7 Kd6 61. Kg2 Ke6 62. Kh3 Kd6 63. Kh4 Ke6 64. Bh6 Kd6 65. Kxh5 Kc5 66. Kg4 Kd4 67. Kf3 Kc5 68. Bg7 Kd6 69. Kg4 Ke6 70. Bh8 Kd6 71. Kf5 f3 72. Bxe5+ Kc5 73. Bg3 Kd4 74. Kf4 Kc5 75. Kxf3 Kc6 76. Kf4 Kd7 77. Kf5 Ke7 78. e5 Kf7 79. e6+ Ke7 80. Bh4+ Kd6 81. Kf6 Kc7 82. e7 1-0


[Site "https://www.chess.com"]

[Event "Titled Tuesday Blitz August 15 Early 2023"]
[White "Indjic, Aleksandar"]
[Black "Zhao, Jun"]
[WhiteFideId "911925"]
[BlackFideId "8602522"]
[WhiteElo "3031"]
[BlackElo "2726"]
[Result "1-0"]
[Round "3"]
[TimeControl "180+1"]
[Date "2023.08.15"]
[WhiteClock "0:01:05"]
[BlackClock "0:00:00"]
[Board "7"]

1. c4 e6 2. g3 d5 3. Bg2 Nf6 4. Nf3 Be7 5. O-O O-O 6. b3 c5 7. cxd5 Nxd5 8. Bb2 Nc6 9. d4 cxd4 10. Nxd4 Nxd4 11. Qxd4 Bf6 12. Qd2 Nf4 13. gxf4 Qxd2 14. Nxd2 Bxb2 15. Rab1 Bf6 16. Ne4 Be7 17. Rfd1 Rd8 18. Rxd8+ Bxd8 19. Rd1 Be7 20. Nd6 Kf8 21. Bxb7 Bxb7 22. Nxb7 Rc8 23. Rd2 Rc7 24. Nd6 a5 25. Nc4 a4 26. e3 f6 27. Kg2 Kf7 28. Kf3 axb3 29. axb3 Rb7 30. Rd3 Rb5 31. h3 Rh5 32. Kg4 Rb5 33. Nd2 Rb7 34. Kf3 h6 35. Ke2 Rb5 36. Kf3 Rb7 37. Ne4 Rb5 38. Ng3 f5 39. Ne2 Bf6 40. Ng3 g5 41. Nf1 Rb4 42. Nd2 gxf4 43. exf4 Be7 44. Nc4 Kf6 45. Ne5 Re4 46. Kg3 Re1 47. Rd7 Rg1+ 48. Kf3 Rh1 49. Kg2 Rb1 50. Rb7 Rb2 51. Kg3 Rb1 52. Kh4 Rb2 53. Kg3 Rb1 54. h4 Rg1+ 55. Kh2 Rb1 56. h5 Rb2 57. Kg2 Rb1 58. Nd3 Rd1 59. Ne5 Rb1 60. Nd7+ Kf7 61. Nc5 Kf6 62. Nd3 Rd1 63. Rd7 Rb1 64. b4 Rb3 65. Rd4 Rb1 66. Kf3 Bf8 67. Ke2 Be7 68. Kd2 Rh1 69. b5 Rb1 70. Rc4 Rxb5 71. Rc1 Rd5 72. Rg1 Bd6 73. Rg6+ Kf7 74. Ke3 Bf8 75. Ne5+ Ke7 76. Rg8 Ra5 77. Nc6+ 1-0


[Site "https://www.chess.com"]

[Event "Titled Tuesday Blitz August 15 Early 2023"]
[White "Dimitrov, Atanas"]
[Black "Aronian, Levon"]
[WhiteFideId "2901315"]
[BlackFideId "13300474"]
[WhiteElo "2725"]
[BlackElo "3029"]
[Result "0-1"]
[Round "3"]
[TimeControl "180+1"]
[Date "2023.08.15"]
[WhiteClock "0:01:04"]
[BlackClock "0:01:39"]
[Board "8"]

1. Nf3 Nf6 2. c4 g6 3. g3 Bg7 4. Bg2 O-O 5. O-O d6 6. Nc3 Nc6 7. b3 e5 8. Bb2 Ng4 9. d3 f5 10. e3 Kh8 11. Nd2 f4 12. Nd5 Ne7 13. exf4 Nxd5 14. Bxd5 exf4 15. Bxg7+ Kxg7 16. Bg2 Qf6 17. Ne4 Qd4 18. Qe2 Ne5 19. Nd2 Qxd3 20. Qxd3 Nxd3 21. Rad1 Bg4 22. Rb1 Be2 23. Bxb7 Rae8 24. Bc6 Re5 25. Nf3 fxg3 26. fxg3 Bxf1 27. Nxe5 Nxe5 0-1


[Site "https://www.chess.com"]

[Event "Titled Tuesday Blitz August 15 Early 2023"]
[White "Deac, Bogdan-Daniel"]
[Black "Leiva, Gianmarco"]
[WhiteFideId "1226380"]
[BlackFideId "3804399"]
[WhiteElo "3020"]
[BlackElo "2724"]
[Result "1-0"]
[Round "3"]
[TimeControl "180+1"]
[Date "2023.08.15"]
[WhiteClock "0:00:04"]
[BlackClock "0:00:00"]
[Board "9"]

1. Nf3 g6 2. e4 Bg7 3. d4 d6 4. h3 Nf6 5. Bd3 e5 6. dxe5 dxe5 7. Nxe5 Nxe4 8. Nxg6 Nxf2 9. Kxf2 hxg6 10. Re1+ Be6 11. Rxe6+ fxe6 12. Bxg6+ Ke7 13. Bg5+ Bf6 14. Qg4 Rg8 15. Bxf6+ Kxf6 16. Nc3 Qd2+ 17. Kf1 Qh6 18. Kg1 Qxg6 19. Rf1+ Kg7 20. Qd4+ Kh7 21. Qh4+ Kg7 22. Rf3 Qh6 23. Rg3+ Kh7 24. Qe4+ Kh8 25. Rxg8+ Kxg8 26. Qxb7 Qe3+ 27. Kf1 Qc1+ 28. Kf2 Qxc2+ 29. Kg3 Qg6+ 30. Kh2 Qf5 31. Qxa8 Qe5+ 32. g3 c6 33. Qb7 Qd6 34. Ne2 Nd7 35. Qb3 1-0


[Site "https://www.chess.com"]

[Event "Titled Tuesday Blitz August 15 Early 2023"]
[White "carokannlover213"]
[Black "Shimanov, Aleksandr"]
[BlackFideId "4198603"]
[WhiteElo "2723"]
[BlackElo "3015"]
[Result "0-1"]
[Round "3"]
[TimeControl "180+1"]
[Date "2023.08.15"]
[WhiteClock "0:00:03"]
[BlackClock "0:00:15"]
[Board "10"]

1. e4 e6 2. d4 d5 3. Nd2 c5 4. Ngf3 Nf6 5. exd5 Nxd5 6. dxc5 Bxc5 7. Ne4 Be7 8. Be2 O-O 9. O-O Nc6 10. c4 Nf6 11. Nc3 b6 12. Be3 Bb7 13. Nd4 Ne5 14. f4 Ned7 15. Bf3 Qc8 16. Bxb7 Qxb7 17. Qf3 Qxf3 18. Nxf3 Rac8 19. b3 a6 20. Bd4 Rfd8 21. h3 Bc5 22. Bxc5 Nxc5 23. Rad1 Nce4 24. Nxe4 Nxe4 25. Ne5 Nc3 26. Nc6 Re8 27. Rd6 Ne4 28. Rd4 Ng3 29. Rd6 Nxf1 30. Kxf1 Rc7 31. Nb4 a5 32. Nc6 Kf8 33. Nd4 Rb7 34. Nb5 Ke7 35. Ke2 Rd8 36. Rc6 h5 37. a4 h4 38. c5 bxc5 39. Rxc5 Rbd7 40. Rc2 Rd3 41. Na7 R8d5 42. b4 Rg3 43. Kf2 axb4 44. Nc6+ Kf6 45. Nxb4 Rd4 46. Rb2 Rxf4+ 47. Kg1 Ra3 48. Nc2 Raxa4 49. Ne3 Ra3 50. Nd1 Ra1 51. Rd2 g5 52. Kh2 Rf1 53. Nf2 Kg6 54. g3 hxg3+ 55. Kxg3 f5 56. Kg2 Rg1+ 57. Kh2 Rge1 58. Kg2 e5 59. Rd6+ Kh5 60. Rd8 e4 61. Rh8+ Kg6 62. h4 gxh4 63. Nh3 Re2+ 64. Nf2 Raa2 65. Kg1 Rxf2 66. Rg8+ Kf6 67. Rb8 Kg7 68. Rb7+ Kg8 69. Rb8+ Kh7 70. Rb7+ Kh8 71. Rb6 Kg8 72. Rb8+ Kf7 73. Rb7+ Ke8 74. Rb6 Kd7 75. Rb7+ Kc8 76. Rh7 Rfb2 77. Rh8+ Kb7 78. Rb8+ Kc7 79. Kf1 h3 80. Ke1 h2 81. Rc8+ Kd7 82. Rd8+ Ke7 83. Re8+ Kf6 84. Rf8+ Kg5 85. Rxf5+ Kxf5 86. Kd1 h1=Q# 0-1


[Site "https://www.chess.com"]

[Event "Titled Tuesday Blitz August 15 Early 2023"]
[White "Bryakin, Mikhail"]
[Black "Korobov, Anton"]
[WhiteFideId "4165314"]
[BlackFideId "14105730"]
[WhiteElo "2721"]
[BlackElo "3011"]
[Result "0-1"]
[Round "3"]
[TimeControl "180+1"]
[Date "2023.08.15"]
[WhiteClock "0:00:02"]
[BlackClock "0:00:12"]
[Board "11"]

1. Nf3 d5 2. g3 c6 3. Bg2 Bg4 4. Ne5 Bh5 5. c4 f6 6. g4 fxe5 7. gxh5 e6 8. Qb3 Qd7 9. Qh3 Nf6 10. d3 Bc5 11. h6 g6 12. Be3 Bxe3 13. Qxe3 Qd6 14. Nd2 Nbd7 15. Bh3 O-O 16. O-O-O Rae8 17. Rhg1 Nh5 18. Bg4 Nf4 19. Kb1 Nf6 20. Qg3 b5 21. cxb5 Rb8 22. d4 Rxb5 23. Nb3 Ne4 24. Qe3 exd4 25. Rxd4 c5 26. Ra4 c4 27. Nc1 Rfb8 28. b3 cxb3 29. axb3 Qe5 30. Qd4 Nc3+ 31. Kc2 Qc7 32. Rxa7 Ncxe2+ 33. Rxc7 Nxd4+ 34. Kc3 Rb4 35. Rg7+ Kh8 36. Re1 Nxb3 37. Nd3 Rc4+ 38. Kb2 Nc5+ 39. Ka3 Ra4# 0-1


[Site "https://www.chess.com"]

[Event "Titled Tuesday Blitz August 15 Early 2023"]
[White "Kuznetsov, Felix"]
[Black "Martinez Alcantara, Jose Eduardo"]
[WhiteFideId "34147990"]
[BlackFideId "3805662"]
[WhiteElo "2715"]
[BlackElo "3008"]
[Result "0-1"]
[Round "3"]
[TimeControl "180+1"]
[Date "2023.08.15"]
[WhiteClock "0:00:43"]
[BlackClock "0:01:53"]
[Board "12"]

1. e4 c5 2. Nf3 d6 3. d4 cxd4 4. Nxd4 Nf6 5. Nc3 a6 6. Be3 e6 7. g4 h6 8. h4 b5 9. Bg2 Bb7 10. a3 Nfd7 11. Qd2 Ne5 12. Qe2 Nbd7 13. g5 hxg5 14. hxg5 Rxh1+ 15. Bxh1 Rc8 16. f4 Nc4 17. g6 Qh4+ 18. Qf2 Qxh1+ 19. Ke2 Qh5+ 20. Ke1 Qxg6 21. f5 Qg4 22. fxe6 fxe6 23. Rd1 Nde5 24. Nce2 Be7 25. Qh2 Bh4+ 26. Bf2 Bxf2+ 27. Kxf2 Kd7 28. Rg1 Rf8+ 29. Ke1 Nf3+ 30. Nxf3 Qxf3 31. Rxg7+ Kc8 32. Rg1 Qe3 0-1


[Site "https://www.chess.com"]

[Event "Titled Tuesday Blitz August 15 Early 2023"]
[White "Bluebaum, Matthias"]
[Black "Huschenbeth, Niclas"]
[WhiteFideId "24651516"]
[BlackFideId "24604747"]
[WhiteElo "3008"]
[BlackElo "2703"]
[Result "1-0"]
[Round "3"]
[TimeControl "180+1"]
[Date "2023.08.15"]
[WhiteClock "0:00:10"]
[BlackClock "0:00:00"]
[Board "13"]

1. d4 Nf6 2. c4 e6 3. Nc3 Bb4 4. e3 d5 5. Bd2 O-O 6. Nf3 b6 7. cxd5 exd5 8. Rc1 Bd6 9. Nb5 Re8 10. Qc2 c6 11. Nxd6 Qxd6 12. Bd3 Bb7 13. O-O Nbd7 14. b4 Ne4 15. Be1 b5 16. a4 a6 17. a5 Qf6 18. Nd2 Nd6 19. Bxh7+ Kf8 20. Bd3 g6 21. Nb3 Kg7 22. Nc5 Bc8 23. Bc3 Nf8 24. e4 Qh4 25. Rce1 Ne6 26. exd5 Rh8 27. h3 Nf4 28. Re3 Nxg2 29. Rg3 Nf4 30. Bxg6 fxg6 31. Ne6+ Bxe6 32. dxe6 Nxh3+ 33. Kg2 Nf4+ 34. Kf3 Qh5+ 35. Kxf4 Rhf8+ 36. Ke3 Nc4+ 37. Kd3 Qf5+ 38. Ke2 Qxc2+ 39. Ke1 Qc1+ 40. Ke2 Qc2+ 41. Ke1 1-0


[Site "https://www.chess.com"]

[Event "Titled Tuesday Blitz August 15 Early 2023"]
[White "Alex_Sahakyan2006"]
[Black "Kramnik, Vladimir"]
[BlackFideId "4101588"]
[WhiteElo "2700"]
[BlackElo "3006"]
[Result "1-0"]
[Round "3"]
[TimeControl "180+1"]
[Date "2023.08.15"]
[WhiteClock "0:00:20"]
[BlackClock "0:00:00"]
[Board "14"]

1. d4 d5 2. c4 e6 3. Nc3 Nf6 4. Nf3 Nbd7 5. cxd5 exd5 6. Bf4 c6 7. e3 Nh5 8. Bg5 Be7 9. Bxe7 Qxe7 10. Be2 O-O 11. O-O g6 12. a3 a5 13. Rb1 Nb6 14. b4 axb4 15. axb4 Bf5 16. Rb3 Nf6 17. b5 Nc4 18. bxc6 bxc6 19. Nd2 Nd6 20. Nf3 h5 21. Ne5 Rfc8 22. Nd3 Ng4 23. Nc5 Qh4 24. h3 Nf6 25. Bd3 Bxh3 26. gxh3 Qxh3 27. Be2 Ng4 28. Bxg4 hxg4 29. Ne2 Kg7 30. Nf4 Qf3 31. Qxf3 gxf3 32. Kh2 Nf5 33. Kh3 g5 34. Nfd3 Nh6 35. Kg3 g4 36. Ne5 Rg8 37. Rb7 Kf6 38. Rh1 Nf5+ 39. Kf4 1-0


[Site "https://www.chess.com"]

[Event "Titled Tuesday Blitz August 15 Early 2023"]
[White "Drygalov, Sergey"]
[Black "Gorovets, Andrey"]
[WhiteFideId "24171743"]
[BlackFideId "13504037"]
[WhiteElo "3005"]
[BlackElo "2696"]
[Result "1-0"]
[Round "3"]
[TimeControl "180+1"]
[Date "2023.08.15"]
[WhiteClock "0:01:16"]
[BlackClock "0:00:06"]
[Board "15"]

1. d4 Nf6 2. c4 e6 3. Nf3 d5 4. Nc3 dxc4 5. e4 b5 6. e5 Nd5 7. Nxb5 Nb6 8. Be2 Be7 9. Be3 O-O 10. h4 Nc6 11. a3 Ba6 12. Nc3 Nd5 13. Qc2 Nxe3 14. fxe3 Na5 15. Rd1 Rb8 16. d5 Bc5 17. Ng5 g6 18. Nce4 Bxe3 19. Nf6+ Kg7 20. Ngxh7 Nb3 21. h5 Nd4 22. Qe4 Rxb2 23. Rxd4 Bxd4 24. Qxd4 Rb1+ 25. Bd1 c6 26. hxg6 Qa5+ 27. Kf2 fxg6 28. Qe3 Rb2+ 29. Kg3 Rh8 30. Qh6+ Kf7 31. Ng5+ Ke7 32. Qg7+ 1-0


[Site "https://www.chess.com"]

[Event "Titled Tuesday Blitz August 15 Early 2023"]
[White "Hua, Lefong"]
[Black "Tabatabaei, M. Amin"]
[WhiteFideId "2602253"]
[BlackFideId "12521213"]
[WhiteElo "2693"]
[BlackElo "3002"]
[Result "0-1"]
[Round "3"]
[TimeControl "180+1"]
[Date "2023.08.15"]
[WhiteClock "0:00:13"]
[BlackClock "0:00:07"]
[Board "16"]

1. d4 d5 2. c4 c6 3. Nf3 Nf6 4. Nc3 e6 5. e3 Nbd7 6. Qc2 Bd6 7. b3 O-O 8. Be2 b6 9. Bb2 Bb7 10. O-O Qe7 11. Rad1 Rfd8 12. Rfe1 c5 13. cxd5 exd5 14. dxc5 bxc5 15. h3 Rac8 16. Qb1 Nf8 17. Rc1 Ne4 18. Red1 d4 19. Nb5 Nxf2 20. Nxd6 Qxe3 21. Nxb7 Nxd1+ 22. Kh2 Qxe2 23. Rxd1 Rd7 24. Na5 Ng6 25. Re1 Qb5 26. Nc4 Qb8+ 27. Kh1 Re8 28. Ba3 Rxe1+ 29. Qxe1 Re7 30. Qf2 Qc7 31. Nxd4 Rd7 32. Nf3 Rd1+ 33. Ng1 Nf4 34. Qxc5 Qxc5 35. Bxc5 Ra1 36. a4 a6 37. Kh2 Ra2 38. Kg3 Nxg2 39. Nf3 h5 40. h4 f5 41. Bd6 Kf7 42. b4 Ke6 43. Bb8 Kd5 44. Ncd2 Ne3 45. Kf4 Nc2 46. Kxf5 Nxb4 47. Be5 Rxa4 48. Bxg7 Nc6 49. Kg5 Ke6 50. Kxh5 Ne7 51. Kg5 Ra5+ 52. Kg4 Ra4+ 53. Kh3 Nf5 54. Bc3 Ra3 55. Bb4 Rd3 56. Kg4 Ne3+ 57. Kf4 Nd5+ 58. Ke4 Re3+ 59. Kd4 Re2 60. Bc5 Nf4 61. Kc3 Rg2 62. Be3 Nd5+ 63. Kd4 a5 64. Kd3 a4 65. Bc5 Nf4+ 66. Ke3 Ng6 67. Ng5+ Kd5 68. Nge4 Nxh4 69. Kd3 Nf5 70. Bf8 Rg8 71. Bb4 Rb8 72. Bc3 a3 73. Kc2 a2 74. Nb3 Nd4+ 75. Bxd4 Kxe4 76. Bb2 Kd5 77. Nc1 Ra8 78. Ba1 Kc4 79. Kb2 Rg8 80. Nxa2 Rg2+ 81. Kb1 Kb3 82. Nc1+ Ka3 83. Bb2+ Rxb2+ 84. Ka1 Rc2 85. Kb1 Rb2+ 86. Ka1 Rb5 87. Nd3 Rd5 88. Nf2 Rd2 89. Kb1 Rxf2 90. Kc1 Kb3 0-1


[Site "https://www.chess.com"]

[Event "Titled Tuesday Blitz August 15 Early 2023"]
[White "ChainedDowntohell"]
[Black "Sadhwani, Raunak"]
[BlackFideId "35093487"]
[WhiteElo "2686"]
[BlackElo "2994"]
[Result "0-1"]
[Round "3"]
[TimeControl "180+1"]
[Date "2023.08.15"]
[WhiteClock "0:00:00"]
[BlackClock "0:00:29"]
[Board "17"]

1. d4 Nf6 2. Nf3 g6 3. Bg5 Bg7 4. c3 O-O 5. Nbd2 d6 6. e3 b6 7. a4 a6 8. a5 b5 9. c4 bxc4 10. Bxc4 Bb7 11. O-O Nbd7 12. Qe2 c5 13. Rfc1 Qb8 14. Bd3 Rc8 15. Rab1 cxd4 16. exd4 Nd5 17. Nc4 N7f6 18. b4 h6 19. Bd2 Bc6 20. Na3 Qb7 21. h3 g5 22. b5 axb5 23. Nxb5 Qd7 24. Na3 Nh5 25. Qd1 Nhf4 26. Bf1 Ne6 27. Nc4 Rcb8 28. Rxb8+ Rxb8 29. Be1 Nef4 30. a6 Ba8 31. Ra1 g4 0-1


[Site "https://www.chess.com"]

[Event "Titled Tuesday Blitz August 15 Early 2023"]
[White "Le, Tuan Minh"]
[Black "Maltsevskaya, Aleksandra"]
[WhiteFideId "12401153"]
[BlackFideId "24174041"]
[WhiteElo "2988"]
[BlackElo "2686"]
[Result "1-0"]
[Round "3"]
[TimeControl "180+1"]
[Date "2023.08.15"]
[WhiteClock "0:00:25"]
[BlackClock "0:00:00"]
[Board "18"]

1. d4 Nf6 2. Nf3 g6 3. Bg5 Bg7 4. Nbd2 O-O 5. c3 d6 6. e4 Nbd7 7. Bc4 e5 8. O-O c6 9. Re1 b5 10. Bb3 a6 11. Nf1 Qe7 12. Ng3 Bb7 13. Qd2 c5 14. Rad1 c4 15. Bc2 Rad8 16. a4 Rfe8 17. h4 Qf8 18. Ra1 h6 19. Be3 exd4 20. Nxd4 Nxe4 21. Nxe4 Bxe4 22. Bxe4 Rxe4 23. axb5 axb5 24. Nxb5 Ne5 25. h5 gxh5 26. Qd5 Rg4 27. Ra7 h4 28. Kh1 Nd3 29. Rf1 Be5 30. Nd4 Bxd4 31. Bxd4 Qe8 32. Qxc4 1-0


[Site "https://www.chess.com"]

[Event "Titled Tuesday Blitz August 15 Early 2023"]
[White "Gubajdullin, Alexei"]
[Black "Matlakov, Maxim"]
[WhiteFideId "4141202"]
[BlackFideId "4168003"]
[WhiteElo "2684"]
[BlackElo "2981"]
[Result "1-0"]
[Round "3"]
[TimeControl "180+1"]
[Date "2023.08.15"]
[WhiteClock "0:01:04"]
[BlackClock "0:00:00"]
[Board "19"]

1. d4 Nf6 2. Nf3 e6 3. Bf4 b6 4. e3 Bb7 5. Be2 g6 6. O-O Bg7 7. h3 O-O 8. a4 a5 9. Nc3 d6 10. Nd2 Nbd7 11. Bf3 d5 12. Nb5 Ne8 13. c4 c6 14. Nd6 Ba6 15. cxd5 exd5 16. Be2 Bxe2 17. Qxe2 Nxd6 18. Bxd6 Re8 19. Qd3 c5 20. Nf3 c4 21. Qa3 Re6 22. Rac1 Rc8 23. Rc2 Nf6 24. Be5 Ne4 25. Bxg7 Kxg7 26. Nd2 Nxd2 27. Rxd2 Rec6 28. Qc3 h5 29. e4 Qd7 30. e5 R6c7 31. f4 Qf5 32. Re2 Re7 33. Re3 h4 34. b4 cxb3 35. Qxb3 Rc4 36. Qxb6 Rxa4 37. Qd8 Qd7 38. Qb6 Re6 39. Qc5 1-0


[Site "https://www.chess.com"]

[Event "Titled Tuesday Blitz August 15 Early 2023"]
[White "Dehtiarov, Roman"]
[Black "Elsa167"]
[WhiteFideId "14186640"]
[WhiteElo "2679"]
[BlackElo "2966"]
[Result "0-1"]
[Round "3"]
[TimeControl "180+1"]
[Date "2023.08.15"]
[WhiteClock "0:00:00"]
[BlackClock "0:00:11"]
[Board "20"]

1. e4 c5 2. Nc3 d6 3. f4 Nc6 4. Nf3 g6 5. Bb5 Bd7 6. O-O Bg7 7. d3 Nd4 8. Bxd7+ Qxd7 9. Nxd4 cxd4 10. Ne2 Rc8 11. Bd2 e6 12. c3 dxc3 13. Bxc3 Bxc3 14. bxc3 d5 15. f5 dxe4 16. fxe6 Qxe6 17. dxe4 Ne7 18. Qa4+ Nc6 19. Nd4 Qe7 20. Nxc6 bxc6 21. Rf3 O-O 22. Raf1 Rce8 23. Qxc6 Qxe4 24. Qc5 Qe7 25. Qxe7 Rxe7 26. Rc1 Rc8 27. c4 Rc5 28. Rc2 Kg7 29. Kf2 h5 30. Rf4 Re6 31. g3 Kf8 32. Kf3 Ke7 33. Re4 g5 34. Rxe6+ Kxe6 35. Ke4 Ra5 36. Kd4 Kd6 37. Rf2 f5 38. Re2 Ra3 39. Rf2 Ra5 40. Re2 a6 41. Rf2 Re5 42. Rb2 Re4+ 43. Kd3 Kc5 44. Rf2 Rd4+ 45. Ke3 Re4+ 46. Kd3 Re5 47. Rb2 f4 48. gxf4 gxf4 49. Rf2 Re3+ 50. Kd2 Re4 51. Kd3 Rd4+ 52. Kc3 Rxc4+ 53. Kd3 Ra4 54. Rg2 Rd4+ 55. Kc3 f3 56. Rf2 Rf4 57. Kd3 Kb4 58. Ke3 Rf6 59. Ke4 Ka3 60. Ke5 Rf8 61. Kd4 a5 62. Kc3 a4 63. Kc4 h4 64. Kb5 Rb8+ 65. Kc4 Rf8 66. Kb5 Rf4 67. Ka5 Rf5+ 68. Kb6 Kb4 69. Kc6 Kc4 70. Kd6 Kd4 71. Ke6 Rf4 72. Rf1 f2 73. Rd1+ Ke3 74. Ke5 f1=Q 75. Rxf1 Rxf1 0-1


[Site "https://www.chess.com"]

[Event "Titled Tuesday Blitz August 15 Early 2023"]
[White "Makhnev, Denis"]
[Black "Kushko, Dmitriy"]
[WhiteFideId "13707647"]
[BlackFideId "14162261"]
[WhiteElo "2962"]
[BlackElo "2677"]
[Result "0-1"]
[Round "3"]
[TimeControl "180+1"]
[Date "2023.08.15"]
[WhiteClock "0:00:07"]
[BlackClock "0:00:30"]
[Board "21"]

1. d4 g6 2. Nc3 Bg7 3. e4 d6 4. Be3 a6 5. Qd2 b5 6. f3 Nd7 7. O-O-O Bb7 8. h4 h6 9. Kb1 e6 10. Nh3 Ne7 11. g4 c5 12. Nf2 Qc7 13. f4 Nc6 14. dxc5 dxc5 15. e5 Nd4 16. Nce4 O-O 17. c3 f5 18. exf6 Nxf6 19. Nxf6+ Bxf6 20. g5 hxg5 21. hxg5 Bxh1 22. Nxh1 Nf5 23. gxf6 Rad8 24. Bd3 c4 25. Qg2 Rxd3 26. Qxg6+ Kh8 27. Bd2 Qh7 28. Qg2 Ne3 29. Qe2 Rxd2+ 0-1


[Site "https://www.chess.com"]